 Dungeon Crawl Stone Soup version 0.16.1-51-g6203257 (webtiles) character file.

959 Jb9000 the Skirmisher (level 8, 0/49 HPs)
             Began as a Gargoyle Fighter on July 3, 2015.
             Was a Priest of Makhleb.
             Killed from afar by an orc wizard (3 damage)
             ... with a puff of flame
             ... on level 4 of the Dungeon.
             The game lasted 00:26:08 (4295 turns).

Jb9000 the Skirmisher (Gargoyle Fighter)            Turns: 4295, Time: 00:26:09

Health: 0/49       AC: 14    Str: 20 (21) XL:     8   Next: 14%
Magic:  8/8        EV: 13    Int:  9      God:    Makhleb [***...]
Gold:   244        SH:  9    Dex: 10      Spells: 0 memorised, 7 levels left

rFire  + . .     SeeInvis .     n - +2 spear (freeze)
rCold  + . .     Clarity  .     k - +2 leather armour {rF+}
rNeg   + . .     SustAb   .     c - +0 shield
rPois  ∞         Gourm    .     (no helmet)
rElec  +         Spirit   .     (no cloak)
rCorr  .         Warding  .     w - +1 pair of gloves
rMut   .         Stasis   .     i - +0 pair of boots
MR     .....                    (no amulet)
Stlth  ++........               l - ring of protection from cold
                                j - +3 ring of evasion

@: not resistant to hostile enchantments, unstealthy
A: negative energy resistance 1, electricity resistance, unbreathing,
petrification resistance, rot immunity, AC +5
a: Minor Destruction, Lesser Servant of Makhleb, Renounce Religion


You were on level 4 of the Dungeon.
You worshipped Makhleb.
Makhleb was most pleased with you.
You were not hungry.

You visited 1 branch of the dungeon, and saw 4 of its levels.
You also visited: Ossuary.

You collected 244 gold pieces.

Inventory:

Hand weapons
 a - a +0 vampiric flail
 n - a +2 spear of freezing (weapon)
Missiles
 g - 10 bolts
 r - 24 poisoned bolts
Armour
 b - a +0 scale mail
 c - a +0 shield (worn)
 i - a +0 pair of boots (worn)
 k - a +2 leather armour of fire resistance (worn)
 w - a +1 pair of gloves (worn)
Jewellery
 f - an uncursed ring of stealth {unknown}
 h - an uncursed ring of flight {unknown}
 j - a +3 ring of evasion (left hand)
 l - a ring of protection from cold (right hand)
 p - an uncursed ring of fire
Scrolls
 o - a scroll of immolation
 q - 2 scrolls of remove curse
Potions
 e - 2 potions of curing
Comestibles
 d - 2 bread rations
 m - 4 chunks of flesh


   Skills:
 + Level 5.2 Fighting
 - Level 3.2 Maces & Flails
 * Level 2.6 Polearms
 + Level 5.1 Armour
 + Level 2.3 Dodging
 * Level 4.7 Stealth
 + Level 4.8 Shields


You had 7 spell levels left.
You didn't know any spells.

Dungeon Overview and Level Annotations

Branches:
Dungeon (4/15)
 Temple: D:4-7

Altars:
Ashenzari
Makhleb
Zin

Annotations:
D:4 Miyamura's ghost, average NaWz


Innate Abilities, Weirdness & Mutations

You are resistant to torment.
You are immune to poison.
Your stone body is very resilient (AC +5).
You resist negative energy.
You are resistant to electric shocks.
You can survive without breathing.
You are immune to petrification.
You are immune to rotting.


Message History

You block the puff of flame. The puff of frost hits you!
The puff of flame misses you. The puff of frost hits you!
An orc wizard appears from thin air!
Reactivating autopickup.
The orc wizard gestures at you while chanting.
The puff of frost misses you. The orc wizard casts a spell at you.
The puff of flame hits you!
The orc wizard points at you and mumbles some strange words.
The puff of flame hits you! You resist.
* * * LOW HITPOINT WARNING * * *
The orc wizard points at you and mumbles some strange words.
The puff of flame hits you! You resist.
* * * LOW HITPOINT WARNING * * *
There is a stone staircase leading up here.
The orc wizard gestures at you while chanting.
The puff of flame hits you! You resist.
You die...

......................#)#......#(
.......................>###.#..#.
.............(.(......#.#..<...#.
...............(......#.#.###..#.
...............######.#.#......#.
................#####.#.######.#.
......................#........#.
..B.............##..###.########.
......W.W....o..@<......# #.....
..................#..##.# #.###.
........................# #.# #.
.(...............###..#.####.# #.
.................#.....).....###.
...................##............
...................#.....######..
...................#.#...#....#..
...................#.#...#.##.#..


You could see an orc wizard and Miyamura's ghost.

Vanquished Creatures
  The ghost of Eldradd the Shield-Bearer, an average FoFi (D:3)
  A phantom (D:4)
  A water moccasin zombie (Ossuary)
  2 scorpions (D:4)
  3 orc priests
  A centaur skeleton (D:4)
  4 hounds
  An orc wizard (D:4)
  A worker ant (D:4)
  Ijyb (D:2)
  2 big kobold zombies (Ossuary)
  2 mummies (Ossuary)
  9 adders
  2 giant mites (D:3)
  A worm (D:3)
  An adder skeleton (D:4)
  2 adder zombies (Ossuary)
  14 orcs
  A ball python (D:2)
  2 bat skeletons (D:4)
  6 giant cockroaches
  5 gnoll zombies (Ossuary)
  9 hobgoblins
  6 jackals
  An ooze (D:4)
  2 quokkas
  8 bats
  3 giant geckos
  6 giant newts
  11 goblins
  7 hobgoblin zombies (Ossuary)
  A jackal skeleton (D:4)
  6 kobolds
  5 kobold zombies (Ossuary)
  7 orc zombies (Ossuary)
  A quokka skeleton (D:4)
  5 rats
141 creatures vanquished.

Notes
Turn   | Place    | Note
--------------------------------------------------------------
     0 | D:1      | Jb9000, the Gargoyle Fighter, began the quest for the Orb.
     0 | D:1      | Reached XP level 1. HP: 14/14 MP: 1/1
   172 | D:1      | Reached XP level 2. HP: 16/19 MP: 2/2
   613 | D:1      | Reached XP level 3. HP: 23/23 MP: 3/3
  1097 | D:2      | Found a glowing silver altar of Zin.
  1220 | D:2      | Found a shattered altar of Ashenzari.
  1561 | D:2      | Noticed Ijyb
  1577 | D:2      | Killed Ijyb
  1577 | D:2      | Reached skill level 4 in Armour
  1577 | D:2      | Reached XP level 4. HP: 29/29 MP: 4/4
  1624 | D:2      | Reached skill level 1 in Dodging
  1750 | D:3      | Reached skill level 1 in Stealth
  1772 | D:3      | Reached XP level 5. HP: 23/33 MP: 5/5
  1890 | D:3      | Found a burning altar of Makhleb.
  1901 | D:3      | Became a worshipper of Makhleb the Destroyer
  2084 | D:3      | Noticed Eldradd's ghost (average FoFi)
  2113 | D:3      | Killed Eldradd's ghost
  2113 | D:3      | Reached XP level 6. HP: 29/39 MP: 6/6
  2337 | D:3      | Acquired Makhleb's first power
  2860 | D:4      | Reached skill level 1 in Polearms
  2860 | D:4      | Reached XP level 7. HP: 33/44 MP: 7/7
  3042 | D:4      | Noticed Miyamura's ghost (average NaWz)
  3069 | D:4      | Found a sand-covered staircase.
  3086 | Ossuary  | Entered an ossuary
  3323 | Ossuary  | Acquired Makhleb's second power
  3365 | Ossuary  | Reached skill level 5 in Fighting
  4005 | D:4      | Reached XP level 8. HP: 49/49 MP: 8/8
  4153 | D:4      | Acquired Makhleb's third power
  4156 | D:4      | Reached skill level 5 in Armour
  4295 | D:4      | Killed from afar by an orc wizard

Action                   |  1- 3 |  4- 6 |  7- 9 || total
-------------------------+-------+-------+-------++-------
Melee: Flail             |   134 |   143 |       ||   277
       Spear             |       |   130 |   333 ||   463
Invok: Minor Destruction |       |       |     1 ||     1
  Use: Scroll            |     4 |     1 |     6 ||    11
       Potion            |       |     4 |     8 ||    12
 Stab: Sleeping          |       |     1 |     5 ||     6
  Eat: Pizza             |     1 |       |       ||     1
       Beef jerky        |     1 |       |       ||     1
       Chunk             |       |     4 |     1 ||     5
       Meat ration       |       |       |     1 ||     1
